 Dungeon Crawl Stone Soup version 0.30-a0-540-g0af01429fa (webtiles) character file.

Game seed: 15320892494684245230

70 bande the Covered (level 4, 0/28 HPs)
             Began as a Gargoyle Fighter on Dec 26, 2022.
             Slain by an orc wizard
             ... wielding a +3 dagger
              (4 damage)
             ... on level 3 of the Dungeon.
             The game lasted 00:02:19 (1415 turns).

bande the Covered (Gargoyle Fighter)                Turns: 1415, Time: 00:02:19

Health: 0/28       AC: 11    Str: 20    XL:     4   Next: 22%
Magic:  4/4        EV:  9    Int:  8    God:
Gold:   170        SH:  4    Dex: 11    Spells: 3/3 levels left

rFire   . . .      SeeInvis .    a - +0 war axe
rCold   . . .      Faith    .    c - +0 buckler
rNeg    + . .      Spirit   .    b - +0 scale mail
rPois   ∞          Reflect  .    (no helmet)
rElec   +          Harm     .    (no cloak)
rCorr   .          Rampage  .    (no gloves)
Will    .....                    m - +0 pair of boots Stlth
                                 (no amulet)
HPRegen 0.24/turn                (no ring)
MPRegen 0.09/turn                (no ring)

@: weak-willed
A: sickness immunity, AC +3, negative energy resistance 1, electricity
resistance, torment resistance 1, petrification resistance
a: no special abilities


You were on level 3 of the Dungeon.
You visited 1 branch of the dungeon, and saw 3 of its levels.

You collected 170 gold pieces.

Inventory:

Hand Weapons
 a - a +0 war axe (weapon)
Armour
 b - a +0 scale mail (worn)
 c - a +0 buckler (worn)
 m - a +0 pair of boots (worn)
Scrolls
 e - 3 scrolls of identify
Potions
 d - a potion of might
 j - a potion of attraction {unknown}


   Skills:
 + Level 3.6 Fighting
 + Level 3.0 Axes
 + Level 3.9 Armour
 + Level 3.6 Shields


You had 3 spell levels left.
You didn't know any spells.
Your spell library was empty.

Dungeon Overview and Level Annotations

Branches:
Dungeon (3/15)

Altars:


Innate Abilities, Weirdness & Mutations

You are immune to sickness and miasma.
Your stone body is resilient. (AC +3)
You are immune to poison.
You resist negative energy. (rN+)
You are resistant to electric shocks. (rElec)
You are resistant to unholy torment.
You are immune to petrification.


Message History

You are too confused!
You are too confused!
You are too confused!
You are too confused!
You are too confused!
You are too confused!
You are too confused!
You are too confused!
You are too confused!
Unknown command.
You bump into the stone wall.
The adder bites you. The adder bites you but does no damage.
Something hits you but does no damage.
You closely miss the adder.
The adder bites you but does no damage. x2
Something hits you but does no damage.
You closely miss something. You miss the adder.
The adder bites you but does no damage. Something hits you but does no damage.
The adder bites you but does no damage.
You bump into the stone wall.
You feel less confused. Something hits you.
The adder bites you but does no damage.
You miss the adder. You hit something but do no damage.
The adder bites you but does no damage. Something hits you but does no damage.
The adder bites you but does no damage. Something hits you but does no damage.
You closely miss the adder. You hit something.
The adder bites you but does no damage.
You hear some strange, mumbled words.
A puff of flame appears from out of thin air!
The puff of flame hits you!
* * * LOW HITPOINT WARNING * * *
The adder bites you but does no damage.
You slash the adder!
The adder is severely wounded.
You barely miss something. You block the adder's attack.
You block something's attack.
You miss the adder.
The adder is severely wounded.
You miss something. The adder barely misses you. Something hits you.
* * * LOW HITPOINT WARNING * * *
You block the adder's attack. Something hits you.
You die...

*,,,,,,.......#!.).#..#~~~~~~~~~
*,,,,*####....#.††.#.!#~~~~~~~*,
**,,,,................#~~~~~~~,~
*,,,,,#...#..........#~~~~~~~,~
*,,,*,.,,,#..........#~~~~~~~*,
*,,,,.*,*,#.#.#......#~~~~~~~~~
*,,,,...,,#..........#~~~~~~~~~
****,.....#).{#...#..#*~~~~~~~~
*,,,#...).S@..(....**~~~~~~~
*,....$..#####.###.***~~~~~~
*,........,,,,?..,,,,**~~~~~
******,........,,,,,..,,,,,**~~~~
*,,,,,,........,**,*****,*,******
*,****,.....##****,** *,,,,,,,,,
*,,,,,,##...* *,,* **,,*****>
*,,*****..##* **,* **,* *,
,,,,,,,,,** *,** *,* ***


You could see an adder.

Vanquished Creatures
  An adder (D:2)
  A dart slug (D:2)
  3 orcs (D:3)
  2 ball pythons
  An endoplasm (D:2)
  4 giant cockroaches
  4 goblins
  6 hobgoblins
  7 jackals
  6 kobolds
  5 quokkas
  3 bats
  A frilled lizard (D:1)
  4 rats
48 creatures vanquished.

Notes
Turn   | Place    | Note
-------+----------+-------------------------------------------
     0 | D:1      | bande the Gargoyle Fighter began the quest for the Orb.
     0 | D:1      | Reached XP level 1. HP: 14/14 MP: 1/1
    66 | D:1      | Reached XP level 2. HP: 14/19 MP: 2/2
   509 | D:1      | Found a faded altar of an unknown god.
   901 | D:2      | Reached XP level 3. HP: 19/23 MP: 3/3
  1359 | D:3      | Reached XP level 4. HP: 28/28 MP: 4/4
  1415 | D:3      | Slain by an orc wizard

Illustrated notes

Levels and vault maps discovered:
D:1:      mushboom_english_gardens, layout_basic,
          hellmonk_ecumenical_altar_pennies_from_heaven, minmay_cut_off
D:2:      layout_rooms
D:3:      kennysheep_big_flooded_room, layout_rooms, serial_shops, shop,
          hangedman_decor_lopped, uniq_jessica

Skill      XL: |  1  2  3  4 |
---------------+-------------+-----
Axes           | 2 3 |  3.0
Fighting       | |  3.6
Armour         | |  3.9
Shields        | |  3.6

Action                   |  1- 3 |  4- 6 || total
-------------------------+-------+-------++-------
Melee: War axe           |   105 |    23 ||   128
  Use: Scroll            |       |     6 ||     6
Armor: Scale mail        |    67 |    23 ||    90
Dodge: Dodged            |    81 |    11 ||    92
Block: Buckler           |    31 |     6 ||    37

Table legend: (Time is in decaauts)
 A = Elapsed time spent in this place.
 B = Non-inter-level travel time spent in this place.
 C = Inter-level travel time spent in this place.
 D = Time resting spent in this place.
 E = Time spent auto-exploring this place.
 F = Levels seen in this place.
 G = Mean time per level.
                   A        B        C        D        E       F      G
               +--------+--------+--------+--------+--------+-----+--------+
         Total |   1471 |   1429 |     42 |      0 |   1092 |   3 |  490.3 |
       Dungeon |   1471 |   1429 |     42 |      0 |   1092 |   3 |  490.3 |
               +--------+--------+--------+--------+--------+-----+--------+

Top non-repeatable levels by time:
     D:1: 893 daAuts
     D:2: 507 daAuts
     D:3: 70 daAuts
